 Dungeon Crawl Stone Soup version 0.29-a0-819-g94b489e0ae (webtiles) character file.

Game seed: 7113091555938218102

728 RevDB the Slasher (level 7, -3/55 HPs)
             Began as a Red Draconian Transmuter on July 6, 2022.
             Slain by a shadow (18 damage)
             ... on level 5 of the Dungeon.
             The game lasted 00:35:46 (3318 turns).

RevDB the Slasher (Red Draconian Transmuter)        Turns: 3318, Time: 00:35:47

Health: -3/55      AC:  8    Str: 13    XL:     7   Next: 44%
Magic:  19/19      EV: 13    Int: 19    God:
Gold:   155        SH:  0    Dex: 13    Spells: 7/10 levels left

rFire   . . .      SeeInvis .   j - +8 long sword of the Radish {holy, +Blink Fly Will+++ MP+9}
rCold   + . .      Faith    .   (no shield)
rNeg    . . .      Spirit   .   (body armour unavailable)
rPois   .          Reflect  .   (helmet restricted)
rElec   .          Harm     .   r - +0 cloak
rCorr   .          Rampage  .   f - +0 pair of gloves
Will    +++..                   (no boots)
Stlth   +.........              (no amulet)
HPRegen 0.18/turn               d - ring of ice
MPRegen 0.16/turn               e - +6 ring of intelligence

@: wereblooded (expiring), flying
A: breathe fire, AC +6, unfitting armour, fire resistance 1, cold-blooded
a: Breathe Fire, Evoke Blink


You were on level 5 of the Dungeon.
You visited 1 branch of the dungeon, and saw 5 of its levels.

You collected 155 gold pieces.

Inventory:

Hand Weapons
 j - the +8 long sword of the Radish (weapon) {holy, +Blink Fly Will+++ MP+9}
   (You found it on level 2 of the Dungeon)

   It has been blessed by the Shining One to cause great damage to the undead
   and demons.
   MP:        It affects your magic capacity (+9).
   Fly:       It grants you flight.
   +Blink:    It lets you blink.
   Will:      It greatly increases your willpower.
 l - a +0 dagger of venom
 p - a +4 quarterstaff of chaos
 q - a +2 hammer of protection
 u - a +1 falchion of holy wrath
 y - a +2 trident of protection
Missiles
 i - 6 silver javelins
Armour
 f - a +0 pair of gloves (worn)
 r - a +0 cloak (worn)
 x - the +2 ring mail "Jaar" {Harm Int+2}
   (You found it on level 4 of the Dungeon)

   Int:       It affects your intelligence (+2).
   Harm:      It increases damage dealt and taken.
Jewellery
 d - a ring of ice (left hand)
 e - a +6 ring of intelligence (right hand)
Wands
 o - a wand of roots (7)
 s - a wand of flame (11)
 A - a wand of polymorph (4)
Scrolls
 b - a scroll of silence
 c - 6 scrolls of teleportation
 m - a scroll of brand weapon
 n - a scroll of blinking
 v - a scroll of acquirement {unknown}
Potions
 a - 3 potions of lignification
 g - 4 potions of brilliance
 h - a potion of haste
 k - a potion of might {unknown}
 t - a potion of invisibility {unknown}
 w - a potion of curing {unknown}
 z - 3 potions of magic {unknown}


   Skills:
 + Level 2.0 Fighting
 - Level 6.1 Long Blades
 - Level 4.3 Dodging
 - Level 3.9 Unarmed Combat
 - Level 2.0 Spellcasting
 - Level 2.0 Transmutations


You had 7 spell levels left.
You knew the following spells:

 Your Spells              Type           Power      Damage    Failure   Level
a - Beastly Appendage     Tmut           18%        N/A       8%          1
b - Wereblood             Tmut           9%         N/A       11%         2

Your spell library contained the following spells:

 Spells                   Type           Power      Damage    Failure   Level
 Summon Small Mammal      Summ           4%         N/A       17%         1
 Spider Form              Tmut/Pois      5%         N/A       32%         3
 Call Canine Familiar     Summ           1%         N/A       45%         3
 Summon Guardian Golem    Hex/Summ       1%         N/A       45%         3
 Ice Form                 Ice/Tmut       8%         N/A       73%         4
 Blade Hands              Tmut           4%         N/A       90%         5
 Iron Shot                Conj/Erth      0%         9d1       100%        6
 Animate Armour           Summ/Erth      Unusable   N/A       N/A         4

Dungeon Overview and Level Annotations

Branches:
Dungeon (5/15)
 Temple: D:4-7

Altars:
Elyvilon
Trog

Shops:
D:1 :   D:2 =


Innate Abilities, Weirdness & Mutations

You can breathe blasts of fire.
Your fiery red scales are hard. (AC +6)
You cannot fit into any form of body armour.
Your flesh is heat resistant. (rF+)
You are cold-blooded and may be slowed by cold attacks.


Message History

You hit the white imp.
The white imp convulses.
You claw the white imp.
Your tail-slap misses the white imp.
The white imp is severely wounded.
You howl as the wereblood boils in your veins!
Your horns disappear.
Your talons disappear.
You feel sick.
The white imp hits you but does no damage.
You closely miss the white imp.
The white imp is severely wounded.
You feel sick. The white imp barely misses you.
You closely miss the white imp.
Your tail-slap misses the white imp.
The white imp is severely wounded.
You feel sick. The white imp misses you.
You hit the white imp.
You feel a bit better.
You kill the white imp!
You feel sick.
You are no longer poisoned.
You hit the iguana. Your punch misses the iguana.
The iguana is lightly wounded.
The iguana bites you!
You hit the iguana.
The iguana is moderately wounded.
You howl as the wereblood boils in your veins!
The iguana bites you!
You slash the iguana!
The iguana is almost dead.
The iguana bites you!
* * * LOW HITPOINT WARNING * * *
You slash the iguana!
You feel a bit better.
You kill the iguana!
You slash the scorpion!
The scorpion is heavily wounded.
Your primal bloodlust is almost over.
The scorpion stings you but does no damage.
You slash the scorpion!
You feel a bit better.
You kill the scorpion!
Your Long Blades skill increases to level 6!
Unknown command.
The shadow strikes at you from the darkness!
You die...

......... #..########
###.### #. #..###
...#.....#.. #.....
#.#.....#. #..###
........ . ...# #..... .#
..##### # .... .. #.##..
....###†### .### #.##.#
#.....@.# .⌠..#
#.##.############.#.....#
#..................⌠.⌠.⌠$
.....############.#.....#
###### #.#..⌠..# #.#
#.### #.. ... ### ###


There were no monsters in sight!

Vanquished Creatures
  A water moccasin (D:5)
  3 scorpions (D:5)
  A howler monkey (D:5)
  3 hounds
  Crazy Yiuf (D:3)
  3 orc priests (D:4)
  An iguana (D:5)
  An orc wizard (D:3)
  4 adders
  A shadow imp (D:5)
  A white imp (D:5)
  2 worms
  A dart slug (D:4)
  16 orcs
  7 endoplasms
  A giant cockroach (D:2)
  8 goblins
  3 hobgoblins
  6 jackals
  4 kobolds
  7 ball pythons
  5 bats
  3 frilled lizards
  6 rats
  11 toadstools (D:1)
100 creatures vanquished.

Vanquished Creatures (others)
  3 toadstools (D:1)
3 creatures vanquished.

Grand Total: 103 creatures vanquished

Notes
Turn   | Place    | Note
-------+----------+-------------------------------------------
     0 | D:1      | RevDB the Draconian Transmuter began the quest for the Orb.
     0 | D:1      | Reached XP level 1. HP: 16/16 MP: 3/3
   163 | D:1      | Reached XP level 2. HP: 24/24 MP: 3/5
   196 | D:1      | Learned a level 2 spell: Wereblood
   487 | D:1      | Found Qecyxeyco's Book Shoppe.
   618 | D:2      | Reached XP level 3. HP: 27/29 MP: 2/6
   699 | D:2      | Identified the +8 long sword of the Radish {holy, +Blink
                  | Fly Will+++ MP+9}
   780 | D:2      | Reached skill level 1 in Long Blades
   782 | D:2      | Found Ruwnulo's Jewellery Boutique.
  1202 | D:3      | Reached skill level 2 in Long Blades
  1202 | D:3      | Reached XP level 4. HP: 36/36 MP: 7/7
  1401 | D:3      | Found a runed translucent door.
  1402 | D:3      | Noticed Crazy Yiuf
  1409 | D:3      | Killed Crazy Yiuf
  1410 | D:3      | Reached skill level 3 in Long Blades
  1410 | D:3      | Reached XP level 5. HP: 15/41 MP: 8/8
  1734 | D:3      | Found a faded altar of an unknown god.
  2190 | D:3      | Found a bloodstained altar of Trog.
  2222 | D:4      | Reached skill level 4 in Long Blades
  2507 | D:4      | Reached XP level 6. HP: 48/48 MP: 9/9
  2793 | D:4      | Identified the +2 ring mail "Jaar" {Harm Int+2}
  2929 | D:4      | Found a white marble altar of Elyvilon.
  3126 | D:5      | Entered Level 5 of the Dungeon
  3137 | D:5      | Reached skill level 5 in Long Blades
  3292 | D:5      | Noticed a water moccasin
  3295 | D:5      | Noticed a shadow
  3302 | D:5      | Your scales start taking on a fiery red colour.
  3302 | D:5      | Reached XP level 7. HP: 53/55 MP: 10/10
  3302 | D:5      | Gained mutation: Your flesh is heat resistant. (rF+) [Red
                  | Draconian growth]
  3318 | D:5      | Reached skill level 6 in Long Blades
  3318 | D:5      | Slain by a shadow

Illustrated notes

Levels and vault maps discovered:
D:1:      nagdon_arrival_zigzag_paths, layout_rooms, serial_shops, shop
D:2:      layout_basic, serial_shops, nicolae_shop_window_shopping,
          minmay_tetromino_s2
D:3:      layout_loops_ring, bloody_trog, ebering_ecumenical_altar_rust,
          minmay_strange_pillars, hangedman_glass_teeth, uniq_crazy_yiuf_cottage
D:4:      layout_cave_pods, mainiacjoe_overflow_alcove_4
D:5:      layout_loops_ring, minmay_temple_entry_ruins, minmay_chambers_of_fives

Skill      XL: |  1  2  3  4  5  6  7 |
---------------+----------------------+-----
Dodging        | 2 3 4 |  4.3
Fighting       | 2 |  2.0
Long Blades    | 2 3 4 5 6 |  6.1
Unarmed Combat | |  3.9
Spellcasting   | |  2.0
Transmutations | |  2.0

Action                   |  1- 3 |  4- 6 |  7- 9 || total
-------------------------+-------+-------+-------++-------
Melee: Unarmed           |    96 |       |       ||    96
       Tailslap          |    13 |     9 |       ||    22
       Headbutt          |    10 |     5 |     1 ||    16
       Kick              |    10 |     5 |     1 ||    16
       Long sword        |    20 |    95 |    16 ||   131
       Punch             |     1 |     1 |       ||     2
 Cast: Beastly Appendage |    16 |     4 |       ||    20
       Wereblood         |     3 |     4 |       ||     7
  Use: Scroll            |       |     6 |       ||     6
 Stab: Sleeping          |       |     1 |       ||     1
       Distracted        |       |     1 |       ||     1
Armor: Skin              |    37 |    29 |     7 ||    73
Dodge: Dodged            |    75 |    56 |     3 ||   134

Table legend: (Time is in decaauts)
 A = Elapsed time spent in this place.
 B = Non-inter-level travel time spent in this place.
 C = Inter-level travel time spent in this place.
 D = Time resting spent in this place.
 E = Time spent auto-exploring this place.
 F = Levels seen in this place.
 G = Mean time per level.
                   A        B        C        D        E       F      G
               +--------+--------+--------+--------+--------+-----+--------+
         Total |   3337 |   3297 |     40 |    388 |    517 |   5 |  667.4 |
       Dungeon |   3337 |   3297 |     40 |    388 |    517 |   5 |  667.4 |
               +--------+--------+--------+--------+--------+-----+--------+

Top non-repeatable levels by time:
     D:3: 1037 daAuts
     D:4: 923 daAuts
     D:2: 651 daAuts
     D:1: 529 daAuts
     D:5: 195 daAuts
